 Dungeon Crawl Stone Soup version 0.25-a0-1071-g2607d5cfa1 (webtiles) character file.

Game seed: 11717256141426617301, levelgen mode: deterministic

562 RaHiT the Skirmisher (level 7, -4/55 HPs)
             Began as a Demonspawn Chaos Knight on May 14, 2020.
             Was a Plaything of Xom.
             Slain by a quokka (6 damage)
             ... on level 5 of the Dungeon.
             The game lasted 00:15:51 (3583 turns).

RaHiT the Skirmisher (Demonspawn Chaos Knight)      Turns: 3583, Time: 00:15:53

Health: -4/55      AC:  5    Str: 10 (12) XL:     7   Next: 10%
Magic:  7/7        EV: 12    Int: 14 (15) God:    Xom [.*....]
Gold:   164        SH:  0    Dex: 12 (13) Spells: 6/6 levels left

rFire    + + +     SeeInvis .   a - +0 falchion (chaos)
rCold    + + .     Gourm    .   (no shield)
rNeg     . . .     Faith    .   b - +2 leather armour
rPois    +         Spirit   .   (helmet restricted)
rElec    +         Reflect  .   s - scarf {rC+ rF+}
rCorr    +         Harm     .   (no gloves)
MR       .....                  (no boots)
Stlth    ++........             (no amulet)
HPRegen  0.18/turn              z - ring of wizardry
MPRegen  0.10/turn              (no ring)

@: mighty, lethally poisoned (-4 -> -5), resistant
A: horns 1, fire resistance 1, nightstalker 1
a: Renounce Religion


You were on level 5 of the Dungeon.
You worshipped Xom.
You were a plaything of Xom.
You were not hungry.

You visited 1 branch of the dungeon, and saw 5 of its levels.

You collected 164 gold pieces.

Inventory:

Hand Weapons
 a - a +0 falchion of chaos (weapon)
 q - a +0 scimitar
Missiles
 e - 103 stones
 m - 22 poisoned darts (quivered)
 n - 22 bolts
 u - 19 sling bullets
 y - 2 throwing nets
Armour
 b - a +2 leather armour (worn)
 h - a scarf of invisibility
 s - a scarf of resistance (worn)
Jewellery
 z - a ring of wizardry (left hand)
Wands
 x - a wand of acid (8)
Scrolls
 f - 3 scrolls of teleportation
 i - 3 scrolls of remove curse
 o - a scroll of enchant weapon {unknown}
 A - a scroll of blinking {unknown}
Potions
 d - 3 potions of stabbing
 k - a potion of degeneration
 r - a potion of lignification
 t - a potion of mutation {unknown}
 v - a potion of haste {unknown}
 w - a potion of curing {unknown}
Comestibles
 c - 10 rations
 B - 4 chunks of flesh


   Skills:
 + Level 4.9 Fighting
 + Level 4.3 Long Blades
 + Level 2.8 Throwing
 - Level 2.0 Armour
 + Level 3.3 Dodging
 + Level 1.1 Evocations


You had 6 spell levels left.
You didn't know any spells.
Your spell library was empty.

Dungeon Overview and Level Annotations

Branches:
Dungeon (5/15)
 Temple: D:4-7

Altars:
Ashenzari
Gozag
Makhleb
Nemelex Xobeh
Okawaru
Qazlal
Trog
Vehumet
Wu Jian
Xom

Shops:
D:4 (


Innate Abilities, Weirdness & Mutations

You have a pair of small horns on your head.
Your flesh is heat resistant. (rF+)
You are slightly more attuned to the shadows.


Message History

It was a potion of might.
You feel very mighty all of a sudden. The leopard gecko closely misses you.
You riposte.
You closely miss the leopard gecko. You headbutt the leopard gecko.
You kill the leopard gecko!
The quokka bites you.
* * * LOW HITPOINT WARNING * * *
It was a potion of resistance.
You feel protected.
Xom titters.
The adder looks rather confused.
The quokka looks rather confused.
The quasit looks rather confused.
The quokka barely misses you.
The adder completely misses the quokka.
The quokka barely misses the adder.
It was a potion of magic.
Magic courses through your body.
You feel sick.
The adder bites the quasit.
The quasit is poisoned.
The adder poisons the quasit!
The adder bites itself but does no damage.
The quasit barely misses the adder.
The quasit claws the adder. x2
The quokka bites you.
You die...

#.# #.# #.# #.# #.# #.## #
##..####### # .##
###....†@rS.############.
...######...#######5.........#...
..........### #########......
.....###...# ##..... ......###..#
##.... .......##..# #....
........#..# ##... ........##..
#.. .........#..# .#


You could see a quasit (confused, poisoned), an adder (confused) and a quokka
(strong, confused).

Vanquished Creatures
  Menkaure (D:4)
  An ogre (D:4)
  A crimson imp (D:5)
  An orc wizard (D:4)
  2 iguanas (D:4)
  6 worker ants
  5 adders
  2 oozes (D:2)
  5 dart slugs
  A worm (D:4)
  2 leopard geckos
  4 orcs
  2 ball pythons (D:4)
  9 giant cockroaches
  6 goblins
  7 hobgoblins
  4 jackals
  5 bats
  11 frilled lizards
  4 kobolds
  5 rats
84 creatures vanquished.

Vanquished Creatures (others)
  A kobold (D:1)
1 creature vanquished.

Grand Total: 85 creatures vanquished

Notes
Turn   | Place    | Note
-------+----------+-------------------------------------------
     0 | D:1      | RaHiT the Demonspawn Chaos Knight began the quest for the
                  | Orb.
     0 | D:1      | Reached XP level 1. HP: 18/18 MP: 1/1
    31 | D:1      | Reached skill level 1 in Dodging
    94 | D:1      | Gained mutation: Your flesh is heat resistant. (rF+)
                  | [demonic ancestry]
    94 | D:1      | Reached XP level 2. HP: 19/24 MP: 2/2
   559 | D:1      | Reached XP level 3. HP: 29/29 MP: 3/3
   764 | D:2      | Found a sparkling altar of Nemelex Xobeh.
   882 | D:2      | XOM: silly message
   988 | D:2      | XOM: smoke on damage
  1225 | D:2      | Reached XP level 4. HP: 36/36 MP: 4/4
  1271 | D:2      | Reached skill level 1 in Throwing
  1300 | D:2      | Found a burning altar of Makhleb.
  1300 | D:2      | Found a shimmering altar of Xom.
  1300 | D:2      | Found a shattered altar of Ashenzari.
  1302 | D:2      | Found an ornate altar of the Wu Jian Council.
  1305 | D:2      | Found an opulent altar of Gozag.
  1510 | D:2      | XOM: divination: detect items
  1995 | D:3      | Found a bloodstained altar of Trog.
  1996 | D:3      | Found an iron altar of Okawaru.
  2081 | D:3      | Found a radiant altar of Vehumet.
  2145 | D:4      | Reached XP level 5. HP: 40/42 MP: 5/5
  2276 | D:4      | Got a smoking war axe
  2277 | D:4      | Identified the cursed +0 war axe of Ostridior {freeze, rC+}
                  | (You found it on level 4 of the Dungeon)
  2432 | D:4      | Found Maech's Weapon Boutique.
  2484 | D:4      | XOM: divination: detect creatures
  2493 | D:4      | XOM: divination: detect items
  2660 | D:4      | XOM: cloud trail
  2702 | D:4      | XOM: divination: detect items
  2715 | D:4      | Gained mutation: You have a pair of small horns on your
                  | head. [demonic ancestry]
  2715 | D:4      | Reached XP level 6. HP: 24/48 MP: 6/6
  2991 | D:4      | Noticed Menkaure
  2994 | D:4      | XOM: potion effect (invisibility)
  3009 | D:4      | XOM: enchant monster (good)
  3022 | D:4      | Killed Menkaure
  3022 | D:4      | Reached skill level 1 in Evocations
  3292 | D:5      | Entered Level 5 of the Dungeon
  3365 | D:5      | XOM: noise
  3378 | D:5      | Found a burning altar of Makhleb.
  3475 | D:5      | Found a stormy altar of Qazlal.
  3520 | D:5      | Gained mutation: You are slightly more attuned to the
                  | shadows. [demonic ancestry]
  3520 | D:5      | Reached XP level 7. HP: 55/55 MP: 7/7
  3582 | D:5      | XOM: confuse monster(s)
  3583 | D:5      | HP: 2/55 [poisoned by a worker ant]
  3583 | D:5      | Slain by a quokka

Illustrated notes

Levels and vault maps discovered:
D:1:      wander_arrival_estate, layout_basic
D:2:      layout_loops_ring, minitemple, nemelex_xobeh_ov_fountains_minmay,
          hangedman_decor_opposing, kennysheep_generic_room_9
D:3:      layout_loops_ring, gammafunk_temple_overflow_statue, vehumet_crystals
D:4:      layout_basic, lemuel_coloured_pillars_altar, serial_shops, shop,
          uniq_menkaure
D:5:      layout_cave_pods, lemuel_round_altar, kennysheep_mini_moat,
          first_ration, serial_shops, shop, bloody_makhleb

Skill      XL: |  1  2  3  4  5  6 |
---------------+-------------------+-----
Dodging        | 1 2 3 |  3.3
Armour         | 2 |  2.0
Long Blades    | 3 4 |  4.3
Throwing       | 1 2 |  2.8
Fighting       | 4 |  4.9
Evocations     | 1 |  1.1

Action                   |  1- 3 |  4- 6 |  7- 9 || total
-------------------------+-------+-------+-------++-------
Melee: Falchion          |   106 |   123 |    12 ||   241
       Headbutt          |       |    12 |     8 ||    20
Throw: Stone             |    14 |       |       ||    14
       Dart              |     6 |    57 |       ||    63
  Use: Scroll            |     3 |     2 |       ||     5
       Potion            |       |       |     6 ||     6
 Stab: Petrified         |       |     6 |       ||     6
  Eat: Chunk             |     1 |     4 |       ||     5
       Ration            |       |     1 |       ||     1
Armor: Leather armour    |    44 |    30 |     6 ||    80
       Skin              |       |       |     1 ||     1
Dodge: Dodged            |    71 |    69 |    19 ||   159
       Rpst.: Falchion   |    20 |    15 |     4 ||    39

Table legend:
 A = Non-vault XP
 B = Vault XP
 C = Vault XP percentage of total XP
 D = Non-vault monster count
 E = Vault monster count
 F = Vault count percentage of total count
                 A         B        C        D         E       F
            +---------+---------+-------+---------+---------+-------
      Total |     624 |     180 |  22.4 |      82 |       3 |   3.5
            +---------+---------+-------+---------+---------+-------
        D:1 |      46 |       0 |   0.0 |      27 |       0 |   0.0
        D:2 |      94 |      15 |  13.8 |      23 |       2 |   8.0
        D:3 |       9 |       0 |   0.0 |       4 |       0 |   0.0
        D:4 |     333 |     165 |  33.1 |      19 |       1 |   5.0
        D:5 |     142 |       0 |   0.0 |       9 |       0 |   0.0
            +---------+---------+-------+---------+---------+-------
